| TOP OF THE 1ST |
|
Nashville Sounds batting - Pitching for Tacoma Rainiers : RHP Vinny Reveles
|
|
Pitching: RHP Vinny Reveles
|
|
|
Batting: RHB Jeff Garofalo
|
0-0: Ball 1-0: Ball 2-0: Foul Ball, location: 2F 2-1: Foul Ball, location: 2F 2-2: Reached on error, E7 (Line Drive, 7, EV 91.9 MPH)
|
|
Batting: SHB Robert Santiago
|
0-0: Foul Ball, location: 2F 0-1: Ball 1-1: Foul Ball, location: 2F 1-2: Ball 2-2: Fielders Choice at 2nd, 6-4 (Groundball, 6D, EV 101.9 MPH)
|
|
Batting: RHB Tim Cordle
|
0-0: Called Strike 0-1: Ball 1-1: Fielders Choice at 2nd, 6-4 (Groundball, 6, EV 105.0 MPH)
|
|
Batting: SHB D.J. Codd
|
0-0: Called Strike 0-1: Fielders Choice at 2nd, 5-4 (Groundball, 56, EV 81.2 MPH)
|
| Top of the 1st over - 0 runs, 0 hits, 1 error, 1 left on base; Nashville 0 - Tacoma 0 |
| BOTTOM OF THE 1ST |
|
Tacoma Rainiers batting - Pitching for Nashville Sounds : RHP Kevin Endsley
|
|
Pitching: RHP Kevin Endsley
|
|
|
Batting: RHB Rick Ellis
|
0-0: Ball 1-0: Foul Ball, location: 2F 1-1: Foul Ball, location: 2F 1-2: Ball 2-2: DOUBLE (Line Drive, 9LD, EV 109.4 MPH)
|
|
Batting: LHB Jawad Fahad
|
0-0: Foul Ball, location: 2F 0-1: Ball 1-1: Called Strike 1-2: Ball 2-2: Ball 3-2: Base on Balls
|
|
Batting: SHB Ray Skogen
|
0-0: Ball 1-0: Ball 2-0: Ball 3-0: Base on Balls Rick Ellis to third Jawad Fahad to second
|
|
Batting: LHB Josh Pittman
|
0-0: Called Strike 0-1: Ball 1-1: Grounds into double play, 4-6-3 (Groundball, 34, EV 90.0 MPH) Rick Ellis scores Jawad Fahad to third
|
|
Batting: LHB Ryan Lowe
|
0-0: Called Strike 0-1: Ball 1-1: Swinging Strike 1-2: Ball 2-2: Foul Ball, location: 2F 2-2: SINGLE (Line Drive, 89S, EV 96.9 MPH) Jawad Fahad scores
|
|
Batting: RHB Brad Robidas
|
0-0: Called Strike 0-1: Fly out, F9 (Flyball, 9, EV 85.0 MPH)
|
| Bottom of the 1st over - 2 runs, 2 hits, 0 errors, 1 left on base; Nashville 0 - Tacoma 2 |
| TOP OF THE 2ND |
|
Nashville Sounds batting - Pitching for Tacoma Rainiers : RHP Vinny Reveles
|
|
Batting: LHB Tomas Segarra
|
0-0: Foul Ball, location: 2F 0-1: Foul Ball, location: 2F 0-2: Foul Ball, location: 2F 0-2: Ball 1-2: Ball 2-2: Foul Ball, location: 2F 2-2: Ball 3-2: Strikes out swinging
|
|
Batting: LHB Zachary DeLuca
|
0-0: Fly out, F8 (Flyball, 8RM, EV 96.2 MPH)
|
|
Pitching: LHP Rentaro Minami
|
|
|
Batting: RHB Robby Godwin
|
0-0: Ground out 5-3 (Groundball, 56, EV 88.1 MPH)
|
| Top of the 2nd over - 0 runs, 0 hits, 0 errors, 0 left on base; Nashville 0 - Tacoma 2 |
| BOTTOM OF THE 2ND |
|
Tacoma Rainiers batting - Pitching for Nashville Sounds : RHP Kevin Endsley
|
|
Batting: RHB Chris Olheiser
|
0-0: Ball 1-0: Ball 2-0: Called Strike 2-1: Called Strike 2-2: Foul Ball, location: 2F 2-2: Ball 3-2: Base on Balls
|
|
Batting: RHB Max Schellekens
|
0-0: Ball 1-0: Ball 2-0: Grounds into double play, 4-6-3 (Groundball, 34, EV 110.6 MPH)
|
|
Batting: RHB Steve Martin
|
0-0: Called Strike 0-1: Ball 1-1: Ball 2-1: Ball 3-1: Foul Ball, location: 2F 3-2: DOUBLE (Flyball, 89XD, EV 106.2 MPH)
|
|
Batting: RHB Rick Ellis
|
0-0: Ball 1-0: Called Strike 1-1: Ball 2-1: Fly out, F8 (Flyball, 8RD, EV 72.5 MPH)
|
| Bottom of the 2nd over - 0 runs, 1 hit, 0 errors, 1 left on base; Nashville 0 - Tacoma 2 |
| TOP OF THE 3RD |
|
Nashville Sounds batting - Pitching for Tacoma Rainiers : LHP Rentaro Minami
|
|
Batting: SHB Ryan Chicoine
|
0-0: Ball 1-0: Called Strike 1-1: Ball 2-1: Foul Ball, location: 2F 2-2: Foul Ball, location: 2F 2-2: Ball 3-2: Base on Balls
|
|
Batting: RHB Eduardo Chavez
|
0-0: Ball 1-0: Swinging Strike 1-1: Ball Ryan Chicoine steals 2nd base (no throw) 2-1: Foul Ball, location: 2F 2-2: Ball 3-2: Ground out 6-3 (Groundball, 6S, EV 65.6 MPH) Ryan Chicoine to third
|
|
Batting: RHB Jeff Garofalo
|
0-0: Called Strike 0-1: Ball 1-1: Foul Ball, location: 2F 1-2: Ball 2-2: Ball 3-2: DOUBLE (Line Drive, 9LM, EV 102.5 MPH) Ryan Chicoine scores
|
|
Batting: SHB Robert Santiago
|
0-0: Ball 1-0: Ball 2-0: Ball Wild Pitch! Jeff Garofalo to third 3-0: Called Strike 3-1: Called Strike 3-2: 2-RUN HOME RUN (Flyball, 7LD, EV 99.4 MPH), Distance : 379 ft
|
|
Pitching: RHP Marty Maginnis
|
|
|
Batting: RHB Tim Cordle
|
0-0: Called Strike 0-1: Ball 1-1: Ball 2-1: Foul Ball, location: 2F 2-2: Ball 3-2: Foul Ball, location: 2F 3-2: Foul Ball, location: 2F 3-2: Foul Ball, location: 2F 3-2: SINGLE (Line Drive, 4MD, EV 103.8 MPH)
|
|
Batting: SHB D.J. Codd
|
0-0: Ball 1-0: Grounds into double play, 4-6-3 (Groundball, 4MS, EV 83.1 MPH)
|
| Top of the 3rd over - 3 runs, 3 hits, 0 errors, 0 left on base; Nashville 3 - Tacoma 2 |
| BOTTOM OF THE 3RD |
|
Tacoma Rainiers batting - Pitching for Nashville Sounds : RHP Kevin Endsley
|
|
Batting: LHB Jawad Fahad
|
0-0: Called Strike 0-1: Ball 1-1: Ball 2-1: Foul Ball, location: 2F 2-2: Ball 3-2: Foul Ball, location: 2F 3-2: Base on Balls
|
|
Batting: SHB Ray Skogen
|
0-0: Ground out 6-3 (Groundball, P, EV 85.6 MPH) Jawad Fahad to second
|
|
Batting: LHB Josh Pittman
|
0-0: Ball 1-0: Called Strike 1-1: Foul Ball, location: 2F 1-2: Ball 2-2: Foul Ball, location: 2F 2-2: 2-RUN HOME RUN (Flyball, 7LD, EV 93.8 MPH), Distance : 358 ft
|
|
Batting: LHB Ryan Lowe
|
0-0: Ground out 5-3 (Groundball, 56, EV 90.6 MPH)
|
|
Batting: RHB Brad Robidas
|
0-0: Ball 1-0: Ball 2-0: Ground out 6-3 (Groundball, 6S, EV 67.5 MPH)
|
| Bottom of the 3rd over - 2 runs, 1 hit, 0 errors, 0 left on base; Nashville 3 - Tacoma 4 |
| TOP OF THE 4TH |
|
Nashville Sounds batting - Pitching for Tacoma Rainiers : RHP Marty Maginnis
|
|
Batting: LHB Tomas Segarra
|
0-0: Foul Ball, location: 2F 0-1: Swinging Strike 0-2: Ball 1-2: Ground out 6-3 (Groundball, 56, EV 98.8 MPH)
|
|
Batting: LHB Zachary DeLuca
|
0-0: Called Strike 0-1: Swinging Strike 0-2: Ball 1-2: Foul Ball, location: 2F 1-2: Strikes out looking
|
|
Batting: RHB Robby Godwin
|
0-0: Ball 1-0: Ball 2-0: Called Strike 2-1: Ground out 6-3 (Groundball, 56D, EV 105.0 MPH)
|
| Top of the 4th over - 0 runs, 0 hits, 0 errors, 0 left on base; Nashville 3 - Tacoma 4 |
| BOTTOM OF THE 4TH |
|
Tacoma Rainiers batting - Pitching for Nashville Sounds : RHP Kevin Endsley
|
|
Batting: RHB Chris Olheiser
|
0-0: Foul Ball, location: 2F 0-1: Ball 1-1: Foul Ball, location: 2F 1-2: Foul Ball, location: 2F 1-2: Ball 2-2: Foul Ball, location: 2F 2-2: Ball 3-2: Foul Ball, location: 2F 3-2: Ground out 6-3 (Groundball, 6, EV 85.6 MPH)
|
|
Batting: RHB Max Schellekens
|
0-0: Foul Ball, location: 2F 0-1: Ball 1-1: Called Strike 1-2: Ball 2-2: Ball 3-2: Fly out, F8 (Flyball, 8LM, EV 87.5 MPH)
|
|
Batting: RHB Steve Martin
|
0-0: Called Strike 0-1: Called Strike 0-2: Strikes out swinging
|
| Bottom of the 4th over - 0 runs, 0 hits, 0 errors, 0 left on base; Nashville 3 - Tacoma 4 |
| TOP OF THE 5TH |
|
Nashville Sounds batting - Pitching for Tacoma Rainiers : RHP Marty Maginnis
|
|
Batting: SHB Ryan Chicoine
|
0-0: Ball 1-0: Called Strike 1-1: Ball 2-1: SINGLE (Flyball, 7S, EV 92.5 MPH)
|
|
Batting: RHB Eduardo Chavez
|
0-0: Ball 1-0: Called Strike Ryan Chicoine is caught stealing 2nd base 2-4 1-1: Ball 2-1: Ball 3-1: Called Strike 3-2: Strikes out swinging
|
|
Batting: RHB Jeff Garofalo
|
0-0: Foul Ball, location: 2F 0-1: Ball 1-1: Ball 2-1: Ball 3-1: Foul Ball, location: 2F 3-2: Strikes out looking
|
| Top of the 5th over - 0 runs, 1 hit, 0 errors, 0 left on base; Nashville 3 - Tacoma 4 |
| BOTTOM OF THE 5TH |
|
Tacoma Rainiers batting - Pitching for Nashville Sounds : RHP Kevin Endsley
|
|
Batting: RHB Rick Ellis
|
0-0: Ball 1-0: Ball 2-0: Ball 3-0: Called Strike 3-1: Base on Balls
|
|
Batting: LHB Jawad Fahad
|
0-0: Ball 1-0: Ball 2-0: Called Strike 2-1: Ground out 4-3 (Groundball, 34, EV 80.0 MPH) Rick Ellis to second
|
|
Batting: SHB Ray Skogen
|
0-0: Called Strike 0-1: Swinging Strike 0-2: Fly out, F7 (Flyball, 7D, EV 103.1 MPH) Runner from 2nd tags up, SAFE at 3rd, no throw by LF
|
|
Batting: LHB Josh Pittman
|
0-0: Ball 1-0: Called Strike 1-1: Foul Ball, location: 2F 1-2: Hit by Pitch
|
|
Batting: LHB Ryan Lowe
|
0-0: Ball 1-0: Fly out, F8 (Flyball, 8LM, EV 89.4 MPH)
|
| Bottom of the 5th over - 0 runs, 0 hits, 0 errors, 2 left on base; Nashville 3 - Tacoma 4 |
| TOP OF THE 6TH |
|
Nashville Sounds batting - Pitching for Tacoma Rainiers : RHP Marty Maginnis
|
|
Batting: SHB Robert Santiago
|
0-0: Ball 1-0: Foul Ball, location: 2F 1-1: Ball 2-1: Ball 3-1: Foul Ball, location: 2F 3-2: Ground out 1-3 (Groundball, 15S, EV 76.2 MPH)
|
|
Batting: RHB Tim Cordle
|
0-0: Foul Ball, location: 2F 0-1: Foul Ball, location: 2F 0-2: Hit by Pitch
|
|
Batting: SHB D.J. Codd
|
0-0: Called Strike 0-1: Swinging Strike 0-2: Ball 1-2: Strikes out swinging
|
|
Batting: LHB Tomas Segarra
|
0-0: Foul Ball, location: 2F 0-1: SINGLE (Groundball, 34S, EV 71.2 MPH) (infield hit) Tim Cordle to second
|
|
Pitching: RHP Chris Julien
|
|
|
Batting: LHB Zachary DeLuca
|
0-0: Ball 1-0: SINGLE (Flyball, 56D, EV 95.0 MPH) Tim Cordle to third Tomas Segarra to second Runner from 3rd tries for Home, throw by LF and OUT! 7-2
|
| Top of the 6th over - 0 runs, 2 hits, 0 errors, 2 left on base; Nashville 3 - Tacoma 4 |
| BOTTOM OF THE 6TH |
|
Tacoma Rainiers batting - Pitching for Nashville Sounds : RHP Kevin Endsley
|
|
Pitching: RHP Ben Voorhees
|
|
|
Batting: RHB Brad Robidas
|
0-0: Swinging Strike 0-1: Ball 1-1: Foul Ball, location: 2F 1-2: Ball 2-2: DOUBLE (Line Drive, 89M, EV 101.2 MPH)
|
|
Batting: RHB Chris Olheiser
|
0-0: DOUBLE (Line Drive, 7LM, EV 112.5 MPH) Brad Robidas scores
|
|
Batting: RHB Max Schellekens
|
0-0: Called Strike 0-1: Ball 1-1: Called Strike 1-2: Foul Ball, location: 2F 1-2: SINGLE (Groundball, 34D, EV 95.6 MPH) Chris Olheiser to third Runner from 3rd tries for Home, throw by RF and OUT! 9-2
|
|
Batting: RHB Steve Martin
|
0-0: Called Strike 0-1: Ball 1-1: SINGLE (Line Drive, 8LS, EV 103.1 MPH) Max Schellekens to second
|
|
Batting: RHB Rick Ellis
|
0-0: Fly out, F8 (Line Drive, 8RD, EV 97.5 MPH)
|
|
Batting: LHB Jawad Fahad
|
0-0: Ball 1-0: Swinging Strike 1-1: Called Strike 1-2: Ball 2-2: Foul Ball, location: 2F 2-2: Fly out, F8 (Flyball, 8LS, EV 86.9 MPH)
|
| Bottom of the 6th over - 1 run, 4 hits, 0 errors, 2 left on base; Nashville 3 - Tacoma 5 |
| TOP OF THE 7TH |
|
Nashville Sounds batting - Pitching for Tacoma Rainiers : RHP Chris Julien
|
|
Batting: RHB Robby Godwin
|
0-0: Foul Ball, location: 2F 0-1: Ball 1-1: Ball 2-1: Ground out 6-3 (Groundball, 6, EV 85.6 MPH)
|
|
Batting: SHB Ryan Chicoine
|
0-0: Foul Ball, location: 2F 0-1: Ball 1-1: DOUBLE (Line Drive, 89XD, EV 102.5 MPH)
|
|
Batting: RHB Eduardo Chavez
|
0-0: Ball 1-0: Ball 2-0: Called Strike 2-1: Swinging Strike 2-2: Foul Ball, location: 2F 2-2: SINGLE (Groundball, 56S, EV 74.4 MPH) (infield hit) Ryan Chicoine to third
|
|
Batting: RHB Jeff Garofalo
|
0-0: Ball 1-0: Ball 2-0: Ball 3-0: Called Strike 3-1: Base on Balls Eduardo Chavez to second
|
|
Batting: SHB Robert Santiago
|
0-0: Called Strike 0-1: Ball 1-1: Called Strike 1-2: Ball 2-2: Fly out, F8 (Flyball, 8RXD, EV 91.9 MPH) Runner from 3rd tags up, SCORES, no throw by CF Eduardo Chavez to third
|
|
Batting: RHB Tim Cordle
|
0-0: Swinging Strike 0-1: Ball 1-1: Called Strike 1-2: DOUBLE (Line Drive, 7LS, EV 108.8 MPH) Eduardo Chavez scores Jeff Garofalo to third
|
|
Batting: SHB D.J. Codd
|
0-0: Called Strike 0-1: Ball 1-1: Foul Ball, location: 2F 1-2: Ball 2-2: Strikes out swinging
|
| Top of the 7th over - 2 runs, 3 hits, 0 errors, 2 left on base; Nashville 5 - Tacoma 5 |
| BOTTOM OF THE 7TH |
|
Tacoma Rainiers batting - Pitching for Nashville Sounds : RHP Ben Voorhees
|
|
Pitching: RHP Jesus Moreno
|
|
|
Batting: SHB Ray Skogen
|
0-0: Ball 1-0: Called Strike 1-1: Ball 2-1: Foul Ball, location: 2F 2-2: Foul Ball, location: 2F 2-2: Strikes out swinging
|
|
Batting: LHB Josh Pittman
|
0-0: Foul Ball, location: 2F 0-1: Ball 1-1: Swinging Strike 1-2: Strikes out swinging
|
|
Batting: LHB Ryan Lowe
|
0-0: Ball 1-0: Called Strike 1-1: Ground out 6-3 (Groundball, 6, EV 80.6 MPH)
|
| Bottom of the 7th over - 0 runs, 0 hits, 0 errors, 0 left on base; Nashville 5 - Tacoma 5 |
| TOP OF THE 8TH |
|
Nashville Sounds batting - Pitching for Tacoma Rainiers : RHP Chris Julien
|
|
Pitching: RHP Jace Daniels
|
|
|
Batting: LHB Tomas Segarra
|
0-0: Ground out 6-3 (Groundball, 6, EV 86.9 MPH)
|
|
Batting: LHB Zachary DeLuca
|
0-0: Fly out, F7 (Flyball, 78S, EV 81.9 MPH)
|
|
Batting: RHB Robby Godwin
|
0-0: Ball 1-0: Ball 2-0: Ground out 6-3 (Groundball, 6, EV 107.5 MPH)
|
| Top of the 8th over - 0 runs, 0 hits, 0 errors, 0 left on base; Nashville 5 - Tacoma 5 |
| BOTTOM OF THE 8TH |
|
Tacoma Rainiers batting - Pitching for Nashville Sounds : RHP Jesus Moreno
|
|
Batting: RHB Brad Robidas
|
0-0: Ball 1-0: Foul Ball, location: 2F 1-1: Foul Ball, location: 2F 1-2: Ball 2-2: Ground out 6-3 (Groundball, 6, EV 80.6 MPH)
|
|
Batting: RHB Chris Olheiser
|
0-0: Ball 1-0: Ball 2-0: Ball 3-0: Base on Balls
|
|
Batting: RHB Max Schellekens
|
0-0: Called Strike 0-1: Ball 1-1: Fly out, F8 (Flyball, 8RXD, EV 97.5 MPH)
|
|
Batting: RHB Steve Martin
|
0-0: Ground out 4-3 (Groundball, 34, EV 103.8 MPH)
|
| Bottom of the 8th over - 0 runs, 0 hits, 0 errors, 1 left on base; Nashville 5 - Tacoma 5 |
| TOP OF THE 9TH |
|
Nashville Sounds batting - Pitching for Tacoma Rainiers : RHP Jace Daniels
|
|
Batting: SHB Ryan Chicoine
|
0-0: Called Strike 0-1: SINGLE (Groundball, 25, EV 65.0 MPH) (infield hit)
|
|
Pinch Hitting: LHB Gregg Power
|
0-0: Fly out, F7 (Flyball, 7LM, EV 90.0 MPH)
|
|
Batting: RHB Jeff Garofalo
|
0-0: Called Strike Ryan Chicoine steals 2nd base 0-1: Ball 1-1: Ball 2-1: Ground out 6-3 (Groundball, 6, EV 85.6 MPH) Ryan Chicoine to third
|
|
Batting: SHB Robert Santiago
|
0-0: Ball 1-0: Foul Ball, location: 2F 1-1: Foul Ball, location: 2F 1-2: Ball 2-2: Foul Ball, location: 2F 2-2: Ball 3-2: Strikes out looking
|
| Top of the 9th over - 0 runs, 1 hit, 0 errors, 1 left on base; Nashville 5 - Tacoma 5 |
| BOTTOM OF THE 9TH |
|
Tacoma Rainiers batting - Pitching for Nashville Sounds : RHP Jesus Moreno
|
|
Pitching: RHP A.J. Marston
|
|
|
Now at 2B: Scott Wiggs
|
|
|
Batting: RHB Rick Ellis
|
0-0: Ball 1-0: Called Strike 1-1: Swinging Strike 1-2: DOUBLE (Flyball, 89XD, EV 110.0 MPH)
|
|
Batting: LHB Jawad Fahad
|
0-0: Foul Ball, location: 2F 0-1: Foul Ball, location: 2F 0-2: Strikes out looking
|
|
Batting: SHB Ray Skogen
|
0-0: Ball 1-0: Ball 2-0: SINGLE (Groundball, 34D, EV 106.9 MPH) Rick Ellis to third Runner from 3rd tries for Home, SAFE, throw by RF to home
|
| Bottom of the 9th over - 1 run, 2 hits, 0 errors, 1 left on base; Nashville 5 - Tacoma 6 |
|